 Dungeon Crawl Stone Soup version 0.30-a0-726-gd89dcf765f (webtiles) character file.

Game seed: 3718570781100566598

83231 Rrauwl the Convoker (level 15, 0/115 HPs)
             Began as a Barachi Summoner on Jan 29, 2023.
             Was an Elder of Ashenzari.
             Succumbed to a wolf spider's poison
             ... on level 14 of the Dungeon.
             The game lasted 01:57:07 (22754 turns).

Rrauwl the Convoker (Barachi Summoner)             Turns: 22754, Time: 01:57:08

Health: 0/115      AC: 14    Str: 18    XL:     15   Next: 76%
Magic:  0/26       EV: 20    Int: 24    God:    Ashenzari [****..]
Gold:   967        SH:  0    Dex: 11    Spells: 18/34 levels left

rFire   + . .      SeeInvis +    a - +3 quarterstaff "Circumscribed Together" {spect, Cun, Self} (curse)
rCold   + + .      Faith    .    (shield currently unavailable)
rNeg    . . .      Spirit   +    q - +1 steam dragon scales of Apeoromancy {Melee, Fort} (curse)
rPois   .          Reflect  .    G - +2 hat of Ashenzari's Disgust {SInv, Alch, Comp} (curse)
rElec   .          Harm     .    p - scarf of Ashenzari's Atheism {rC+ rF+, Self, Cun} (curse)
rCorr   .          Rampage  .    (no gloves)
Will    +....      Clarity  +    I - +1 pair of boots
Stlth   ++++                     C - amulet "Paranoia of Ashenzari" {Spirit, Self, Comp} (curse)
HPRegen 1.19/turn                D - +6 ring of strength
MPRegen 0.20/turn                L - ring "Manifest Trepidation" {rC+, Comp, Cun} (curse)

@: lethally poisoned (0 -> -3), flayed, slow
A: amphibious, slowness 1, strong legs 2, +LOS, iridescent scales 1, clever 1,
low MP 1, regeneration 1
a: Hop, Renounce Religion, Curse Item, Shatter the Chains


You were on level 14 of the Dungeon.
You worshipped Ashenzari.
Ashenzari was greatly pleased with you.
You visited 4 branches of the dungeon, and saw 22 of its levels.

You collected 2060 gold pieces.
You spent 1093 gold pieces at shops.

Inventory:

Hand Weapons
 a - the cursed +3 quarterstaff "Circumscribed Together" (weapon) {spect, Cun, Self}
   (You found it on level 1 of the Dungeon)

   It has a curse which improves the following skills: Cunning: Dodging and
   Stealth.
   Introspection: Fighting and Spellcasting.
 k - a +2 longbow of flaming
Armour
 p - the cursed scarf of Ashenzari's Atheism (worn) {rC+ rF+, Self, Cun}
   (You found it on level 4 of the Dungeon)

   It has a curse which improves the following skills: Introspection: Fighting
   and Spellcasting.
   Cunning:   Dodging and Stealth.
 q - the cursed +1 steam dragon scales of Apeoromancy (worn) {Melee, Fort}
   (You found it on level 4 of the Dungeon)

   It has a curse which improves the following skills: Melee Combat: Short
   Blades, Long Blades, Axes, Maces & Flails, Polearms, Staves and Unarmed
   Combat.
   Fortitude: Armour and Shields.
 r - a +0 troll leather armour
 G - the cursed +2 hat of Ashenzari's Disgust (worn) {SInv, Alch, Comp}
   (You took it off Gastronok on level 1 of the Orcish Mines)

   It has a curse which improves the following skills: Alchemy: Poison Magic and
   Transmutations.
   Companions: Summonings and Necromancy.
 I - a +1 pair of boots (worn)
Jewellery
 C - the cursed amulet "Paranoia of Ashenzari" (around neck) {Spirit, Self, Comp}
   (You took it off a human on level 9 of the Dungeon)

   [amulet of guardian spirit]

   It causes incoming damage to be divided between your reserves of health and
   magic.
   It has a curse which improves the following skills: Introspection: Fighting
   and Spellcasting.
   Companions: Summonings and Necromancy.
 D - a +6 ring of strength (left hand)
 L - the cursed ring "Manifest Trepidation" (right hand) {rC+, Comp, Cun}
   (You took it off a gnoll sergeant on level 11 of the Dungeon)

   [ring of protection from cold]

   rC:        It protects you from cold.
   It has a curse which improves the following skills: Companions: Summonings
   and Necromancy.
   Cunning:   Dodging and Stealth.
Wands
 c - a wand of digging (1)
 i - a wand of mindburst (21)
 v - a wand of flame (48)
 w - a wand of charming (4)
 x - a wand of quicksilver (4)
 K - a wand of polymorph (5)
Scrolls
 e - a scroll of enchant weapon
 t - 4 scrolls of enchant armour
 u - 5 scrolls of teleportation
 y - 3 scrolls of magic mapping
 B - a scroll of silence
 E - a scroll of brand weapon
 M - a scroll of immolation
 Q - a scroll of fear
Potions
 b - 2 potions of magic
 d - 2 potions of brilliance
 g - 8 potions of curing
 h - a potion of resistance
 j - 4 potions of ambrosia
 l - 5 potions of mutation
 m - 3 potions of might
 n - 3 potions of flight
 o - 2 potions of cancellation
 s - 2 potions of lignification
 H - 4 potions of haste
 J - 2 potions of attraction
Miscellaneous
 z - a piece from Xom's chessboard (14/15)
 F - a phial of floods


   Skills:
 - Level 6.1(10.0) Fighting
 - Level 12.5(14.4) Staves
 + Level 7.9(9.9) Armour
 - Level 16.2(20.0) Dodging
 + Level 6.1(9.9) Stealth
 - Level 6.1(10.0) Spellcasting
 - Level 20.1(23.6) Summonings
 - Level 3.0 Translocations


You had 18 spell levels left.
You knew the following spells:

 Your Spells              Type           Power      Damage    Failure   Level
a - Call Canine Familiar  Summ           90%        N/A       0%          3
b - Summon Lightning Spi  Summ/Air       62%        N/A       1%          4
c - Monstrous Menagerie   Summ           45%        N/A       1%          7
d - Blink                 Tloc           52%        N/A       2%          2

Your spell library contained the following spells:

 Spells                   Type           Power      Damage    Failure   Level
 Summon Small Mammal      Summ           100%       N/A       0%          1
 Call Imp                 Summ           90%        N/A       0%          2
 Summon Guardian Golem    Hex/Summ       62%        N/A       1%          3
 Summon Ice Beast         Ice/Summ       62%        N/A       1%          4
 Summon Mana Viper        Hex/Summ       62%        N/A       1%          5
 Lesser Beckoning         Tloc           52%        N/A       2%          2
 Momentum Strike          Conj/Tloc      38%        3d9       4%          2
 Foxfire                  Conj/Fire      48%        2x1d6     5%          1
 Dazzling Flash           Conj/Hex       24%        N/A       16%         3
 Ozocubu's Armour         Ice            12%        N/A       16%         3
 Manifold Assault         Tloc           26%        N/A       16%         4
 Passage of Golubria      Tloc           26%        N/A       16%         4
 Iskenderun's Mystic Bla  Conj/Tloc      19%        2d6       28%         4
 Spellforged Servitor     Conj/Summ      31%        N/A       34%         7
 Fireball                 Conj/Fire      6%         3d5       82%         5
 Metabolic Englaciation   Hex/Ice        6%         N/A       82%         5
 Silence                  Hex/Air        6%         N/A       82%         5
 Simulacrum               Ice/Necr       6%         N/A       100%        6
 Starburst                Conj/Fire      6%         6d4       100%        6
 Orb of Destruction       Conj           6%         9d6       100%        7
 Storm Form               Tmut/Air       6%         N/A       100%        7
 Lehudib's Crystal Spear  Conj/Erth      6%         10d3      100%        8


Dungeon Overview and Level Annotations

Branches:
Dungeon (14/15)            Temple (1/1) D:5            Lair (5/5) D:9
 Shoals (0/4) Lair:3        Snake (0/4) Lair:2        Slime (0/5) Lair:4
    Orc (2/2) D:11            Elf (0/3) Orc:2        Vaults (0/5) D:13

Altars:
Ashenzari
Cheibriados
Dithmenos
Elyvilon
Fedhas
Gozag
Hepliaklqana
Kikubaaqudgha
Makhleb
Nemelex Xobeh
Okawaru
Qazlal
Ru
Sif Muna
Trog
Uskayaw
Vehumet
Wu Jian
Xom
Yredelemnul
Zin
The Shining One

Shops:
D:2 [   D:4 *   D:10 *   D:12 :   Orc:2 [:*?

Annotations:
D:13 Acucowat's ghost, journeyman MiHu; Atugeby's ghost, journeyman DECj; Zeoj's ghost, novice FeDe; Ziyrch Jegei's ghost, journeyman TrBe; wpisznazwe's ghost, journeyman TrFi


Innate Abilities, Weirdness & Mutations

You are amphibious.
You cover ground slowly.
You can hop long distances.
You have an extended range of vision and can be seen from far away.
You are partially covered in iridescent scales. (AC +2)
Your mind is acute. (Int +4, Str/Dex -1)
Your magical capacity is low. (-10% MP)
Your natural rate of healing is unusually fast.


Message History

Wpisznazwe's ghost hits your manticore.
A flayed ghost breaks down the door.
Ziyrch Jegei's ghost hits you!!
* * * LOW HITPOINT WARNING * * *
Atugeby's ghost gestures wildly while chanting.
Atugeby's ghost conjures a globe of magical energy!
The deep elf pyromancer mumbles some strange words.
The deep elf pyromancer blinks!
Atugeby's ghost sprays you with burning goo.
The sticky flame hits your manticore!
Your manticore is covered in liquid flames!
Your manticore bites Atugeby's ghost!
Your manticore completely misses Atugeby's ghost.
Your manticore claws Atugeby's ghost.
A battlesphere comes into view.
Blink to where?
Press: ? - help, Dir - move target, p - wpisznazwe's ghost
As you read the scroll of blinking, it crumbles to dust.
You feel very sick.
Your manticore burns!
Your manticore stops moving altogether!
Atugeby's ghost opens the door.
The deep elf pyromancer gestures wildly while chanting.
Send 'em back where they came from!
Your manticore shudders.
Acucowat's ghost opens the door.
Wpisznazwe's ghost hits your manticore!!
The deep troll earth mage points next to you and mumbles some strange words.
The wall shatters!
The blast of rock fragments hits you!!
* * * LOW HITPOINT WARNING * * *
Something hits your manticore but does no damage.
The battlesphere moves out of view.
You feel very sick.
Your manticore burns!
The anaconda changes into a glowing orange brain!
The deep troll earth mage casts a spell next to you.
The wall shatters!
The blast of rock fragments hits you!
* * * LOW HITPOINT WARNING * * *
The deep elf pyromancer casts a spell.
Something hits your manticore. Something freezes your manticore.
You climb downwards.
The battlesphere dissipates.
You die...

,, , ,, ......,
* , ,, , ..... ,
,, , * , * * *
..<.#** * * * *,
###....**,,* * ,
, ,#..... , , *
, ,, , #.... ,
,,, * , ,, , ,
... , ,* , , , *
,* * **#.#*,, *
,, * *** * *,
*#@# , * **
#..............#
#..............#
##..##..##....##
*#. *####*#####
#. , #, ,,,,,,*
** * *


There were no monsters in sight!

Vanquished Creatures
  Gastronok (Orc:1)
  The ghost of dcsswall the Summoner, a journeyman BaIE of Nemelex Xobeh (Lair:3)
  Nessos (Lair:3)
  An ice dragon (D:13)
  3 vault guards (D:13)
  A catoblepas (Lair:3)
  Erolcha (D:9)
  3 centaur warriors
  2 boulder beetles
  A two-headed ogre (Orc:2)
  A deep troll earth mage (D:13)
  6 death yaks
  4 orc high priests (Orc:2)
  Nergalle (Lair:3)
  A deep elf knight (D:13)
  4 skeletal warriors
  A deep elf pyromancer (D:13)
  2 orc sorcerers (Orc:2)
  5 cyclopes
  3 elephants (Lair:2)
  3 black mambas
  Maurice (D:8)
  18 cane toads
  A torpor snail (Lair:2)
  2 gargoyles (D:13)
  A kobold demonologist (D:13)
  9 komodo dragons
  3 tengu conjurers (D:13)
  A merfolk (Lair:3)
  A polar bear (Lair:2)
  4 trolls
  A tyrant leech (Lair:5)
  Grinder (D:5)
  13 blink frogs
  A hornet (D:8)
  2 slime creatures (D:13)
  A shadow (D:9)
  Sigmund (D:3)
  30 yaks
  A vampire (D:13)
  A spriggan (Lair:1)
  4 humans
  3 wyverns
  5 steam dragons
  Grum (D:9)
  2 basilisks
  3 vampire mosquitoes
  A warg (Orc:1)
  A naga (Lair:2)
  7 water moccasins
  2 acid dragons
  A floating eye (shapeshifter) (D:13)
  11 orc warriors
  3 ice beasts
  3 sky beasts
  6 black bears
  5 ogres
  8 wolves
  5 centaurs
  6 kobold brigands
  20 bullfrogs
  2 gnoll sergeants
  3 necrophages
  2 scorpions
  4 wights
  An electric eel (Lair:5)
  5 howler monkeys
  4 jellies
  2 gnoll boudas
  3 hounds
  7 orc priests
  Jessica (D:3)
  3 iguanas
  14 orc wizards
  6 gnolls
  9 adders
  A shadow imp (D:7)
  2 white imps
  An ufetubus (D:6)
  A worm (D:4)
  2 dart slugs
  34 orcs
  5 ball pythons
  6 bats
  15 endoplasms
  3 giant cockroaches
  6 hobgoblins
  2 quokkas
  4 frilled lizards
  19 goblins
  33 kobolds
  8 rats
444 creatures vanquished.

Vanquished Creatures (collateral kills)
  Snorg (D:12)
  3 hydras (Lair:5)
  2 vault guards (D:13)
  Erica (D:8)
  A centaur warrior (D:13)
  A two-headed ogre (D:11)
  A death yak (D:8)
  Urug (Orc:1)
  Sonja (Orc:1)
  A goliath frog (Lair:5)
  2 skeletal warriors (D:12)
  A flayed ghost (D:13)
  A wizard (D:13)
  A deep elf pyromancer (D:12)
  3 ugly things (D:12)
  2 cyclopes (D:12)
  3 elephants (Lair:2)
  2 black mambas
  9 cane toads
  3 rime drakes
  A kobold demonologist (D:10)
  A tengu conjurer (D:13)
  2 komodo dragons
  A polar bear (Lair:2)
  A hornet (Lair:1)
  7 blink frogs
  2 tyrant leeches (Lair:5)
  A shadow (D:13)
  29 yaks
  2 wraiths
  2 basilisks
  4 vampire mosquitoes
  2 nagas (Lair:2)
  3 water moccasins (Lair:2)
  7 orc warriors
  An ice beast (D:9)
  6 black bears (Lair:3)
  2 wolves
  3 ogres (Orc:1)
  2 centaurs
  A phantom (D:5)
  3 kobold brigands
  A scorpion (D:5)
  3 bullfrogs
  A gnoll sergeant (D:12)
  2 wights (D:7)
  A howler monkey (D:8)
  An iron imp (D:9)
  12 orc priests (Orc:2)
  A jelly (D:8)
  8 orc wizards
  6 gnolls
  A dart slug (D:5)
  8 orcs
  2 endoplasms (D:1)
  2 giant cockroaches
  13 kobolds
  A quokka (D:1)
  A ball python (D:1)
  A goblin (D:1)
188 creatures vanquished.

Vanquished Creatures (others)
  A torpor snail (Lair:2)
  22 fungi
  86 plants
109 creatures vanquished.

Grand Total: 741 creatures vanquished

Notes
Turn   | Place    | Note
-------+----------+-------------------------------------------
     0 | D:1      | Rrauwl the Barachi Summoner began the quest for the Orb.
     0 | D:1      | Reached XP level 1. HP: 13/13 MP: 3/3
    54 | D:1      | Found a faded altar of an unknown god.
   109 | D:1      | Reached XP level 2. HP: 20/20 MP: 3/5
   488 | D:1      | Reached skill level 5 in Summonings
   800 | D:2      | Reached XP level 3. HP: 21/24 MP: 6/6
   815 | D:2      | Reached skill level 1 in Fighting
   842 | D:2      | Reached skill level 1 in Armour
  1336 | D:2      | Found Pyneus's Armour Shoppe.
  1517 | D:2      | Reached XP level 4. HP: 31/32 MP: 7/7
  1596 | D:3      | Reached skill level 1 in Staves
  1856 | D:3      | Noticed Sigmund
  1863 | D:3      | Killed Sigmund
  1864 | D:3      | Reached XP level 5. HP: 39/39 MP: 7/9
  1864 | D:3      | Reached XP level 6. HP: 46/46 MP: 7/10
  1981 | D:3      | Noticed Jessica
  1987 | D:3      | Killed Jessica
  2462 | D:3      | Learned a level 3 spell: Call Canine Familiar
  2624 | D:4      | Found Kubippo's Assorted Antiques.
  2714 | D:4      | Bought a black potion for 19 gold pieces
  2714 | D:4      | Bought a scroll labelled NITHREEGH JATAI for 22 gold pieces
  2714 | D:4      | Bought a fuming coppery potion for 19 gold pieces
  2817 | D:4      | Reached skill level 6 in Summonings
  2876 | D:4      | Reached XP level 7. HP: 52/52 MP: 11/11
  2997 | D:4      | Noticed a steam dragon
  3041 | D:4      | Found a hazy altar of Hepliaklqana.
  3249 | D:4      | Killed a steam dragon
  3342 | D:5      | Entered Level 5 of the Dungeon
  3346 | D:5      | Noticed Grinder
  3354 | D:5      | Reached skill level 7 in Summonings
  3361 | D:5      | Paralysed by Grinder for 3 turns
  3365 | D:5      | Killed Grinder
  3366 | D:5      | Reached skill level 5 in Staves
  3366 | D:5      | Reached XP level 8. HP: 45/58 MP: 10/12
  3612 | D:5      | Found a staircase to the Ecumenical Temple.
  3661 | D:5      | Reached skill level 8 in Summonings
  3821 | Temple   | Entered the Ecumenical Temple
  3883 | Temple   | Became a worshipper of Ashenzari the Shackled
  4031 | D:5      | You fall into a shaft and drop 2 floors!
  4702 | D:5      | Reached skill level 9 in Summonings
  4862 | D:6      | Learned a level 7 spell: Monstrous Menagerie
  4974 | D:6      | Reached XP level 9. HP: 61/63 MP: 13/13
  5162 | D:6      | Reached * piety under Ashenzari
  5211 | D:6      | Reached skill level 10 in Summonings
  5384 | D:6      | Learned a level 2 spell: Blink
  5564 | D:7      | Identified the cursed +3 quarterstaff "Circumscribed
                  | Together" {spect, Cun, Self} (You found it on level 1 of
                  | the Dungeon)
  5586 | D:7      | Identified the cursed +3 quarterstaff "Circumscribed
                  | Together" {spect, Cun, Self} (You found it on level 1 of
                  | the Dungeon)
  5736 | D:7      | Reached ** piety under Ashenzari
  5774 | D:7      | Identified the cursed +3 quarterstaff "Circumscribed
                  | Together" {spect, Cun, Self} (You found it on level 1 of
                  | the Dungeon)
  5782 | D:7      | Identified the cursed +3 quarterstaff "Circumscribed
                  | Together" {spect, Cun, Self} (You found it on level 1 of
                  | the Dungeon)
  5785 | D:7      | Identified the cursed +3 quarterstaff "Circumscribed
                  | Together" {spect, Cun, Self} (You found it on level 1 of
                  | the Dungeon)
  5829 | D:7      | Identified the cursed +3 quarterstaff "Circumscribed
                  | Together" {spect, Cun, Self} (You found it on level 1 of
                  | the Dungeon)
  5853 | D:7      | Identified the cursed +3 quarterstaff "Circumscribed
                  | Together" {spect, Cun, Self} (You found it on level 1 of
                  | the Dungeon)
  5891 | D:7      | Identified the cursed +3 quarterstaff "Circumscribed
                  | Together" {spect, Cun, Self} (You found it on level 1 of
                  | the Dungeon)
  5895 | D:7      | Identified the cursed +3 quarterstaff "Circumscribed
                  | Together" {spect, Cun, Self} (You found it on level 1 of
                  | the Dungeon)
  5946 | D:7      | Identified the cursed +3 quarterstaff "Circumscribed
                  | Together" {spect, Cun, Self} (You found it on level 1 of
                  | the Dungeon)
  5956 | D:7      | Identified the cursed +3 quarterstaff "Circumscribed
                  | Together" {spect, Cun, Self} (You found it on level 1 of
                  | the Dungeon)
  5963 | D:7      | Identified the cursed +3 quarterstaff "Circumscribed
                  | Together" {spect, Cun, Self} (You found it on level 1 of
                  | the Dungeon)
  5967 | D:7      | Identified the cursed +3 quarterstaff "Circumscribed
                  | Together" {spect, Cun, Self} (You found it on level 1 of
                  | the Dungeon)
  5969 | D:7      | Reached skill level 11 in Summonings
  5970 | D:7      | Identified the cursed +3 quarterstaff "Circumscribed
                  | Together" {spect, Cun, Self} (You found it on level 1 of
                  | the Dungeon)
  5980 | D:7      | Found a sparkling altar of Nemelex Xobeh.
  6181 | D:7      | Identified the cursed +3 quarterstaff "Circumscribed
                  | Together" {spect, Cun, Self} (You found it on level 1 of
                  | the Dungeon)
  6185 | D:7      | Identified the cursed +3 quarterstaff "Circumscribed
                  | Together" {spect, Cun, Self} (You found it on level 1 of
                  | the Dungeon)
  6188 | D:7      | Identified the cursed +3 quarterstaff "Circumscribed
                  | Together" {spect, Cun, Self} (You found it on level 1 of
                  | the Dungeon)
  6223 | D:7      | Identified the cursed +3 quarterstaff "Circumscribed
                  | Together" {spect, Cun, Self} (You found it on level 1 of
                  | the Dungeon)
  6593 | D:8      | Noticed Maurice
  6841 | D:8      | Identified the cursed +3 quarterstaff "Circumscribed
                  | Together" {spect, Cun, Self} (You found it on level 1 of
                  | the Dungeon)
  6843 | D:8      | Reached XP level 10. HP: 69/73 MP: 16/16
  6865 | D:8      | Identified the cursed +3 quarterstaff "Circumscribed
                  | Together" {spect, Cun, Self} (You found it on level 1 of
                  | the Dungeon)
  6883 | D:8      | Identified the cursed +3 quarterstaff "Circumscribed
                  | Together" {spect, Cun, Self} (You found it on level 1 of
                  | the Dungeon)
  6885 | D:8      | Reached skill level 10 in Staves
  6887 | D:8      | Killed Maurice
  6888 | D:8      | Reached skill level 12 in Summonings
  7158 | D:8      | Identified the cursed +3 quarterstaff "Circumscribed
                  | Together" {spect, Cun, Self} (You found it on level 1 of
                  | the Dungeon)
  7214 | D:8      | Found a bloodstained altar of Trog.
  7222 | D:8      | Identified the cursed +3 quarterstaff "Circumscribed
                  | Together" {spect, Cun, Self} (You found it on level 1 of
                  | the Dungeon)
  7226 | D:8      | Identified the cursed +3 quarterstaff "Circumscribed
                  | Together" {spect, Cun, Self} (You found it on level 1 of
                  | the Dungeon)
  7231 | D:8      | Identified the cursed +3 quarterstaff "Circumscribed
                  | Together" {spect, Cun, Self} (You found it on level 1 of
                  | the Dungeon)
  7234 | D:8      | Identified the cursed +3 quarterstaff "Circumscribed
                  | Together" {spect, Cun, Self} (You found it on level 1 of
                  | the Dungeon)
  7239 | D:8      | Identified the cursed +3 quarterstaff "Circumscribed
                  | Together" {spect, Cun, Self} (You found it on level 1 of
                  | the Dungeon)
  7243 | D:8      | Identified the cursed +3 quarterstaff "Circumscribed
                  | Together" {spect, Cun, Self} (You found it on level 1 of
                  | the Dungeon)
  7298 | D:8      | Identified the cursed +3 quarterstaff "Circumscribed
                  | Together" {spect, Cun, Self} (You found it on level 1 of
                  | the Dungeon)
  7310 | D:8      | Identified the cursed +3 quarterstaff "Circumscribed
                  | Together" {spect, Cun, Self} (You found it on level 1 of
                  | the Dungeon)
  7551 | D:8      | Noticed Erica
  7558 | D:8      | Identified the cursed +3 quarterstaff "Circumscribed
                  | Together" {spect, Cun, Self} (You found it on level 1 of
                  | the Dungeon)
  7559 | D:8      | Killed Erica
  7578 | D:8      | Identified the cursed +3 quarterstaff "Circumscribed
                  | Together" {spect, Cun, Self} (You found it on level 1 of
                  | the Dungeon)
  7581 | D:8      | Reached skill level 13 in Summonings
  7698 | D:8      | Found a shimmering blue altar of Sif Muna.
  7932 | D:9      | Identified the cursed +3 quarterstaff "Circumscribed
                  | Together" {spect, Cun, Self} (You found it on level 1 of
                  | the Dungeon)
  7934 | D:9      | Identified the cursed +3 quarterstaff "Circumscribed
                  | Together" {spect, Cun, Self} (You found it on level 1 of
                  | the Dungeon)
  7970 | D:9      | Identified the cursed +3 quarterstaff "Circumscribed
                  | Together" {spect, Cun, Self} (You found it on level 1 of
                  | the Dungeon)
  7972 | D:9      | Identified the cursed +3 quarterstaff "Circumscribed
                  | Together" {spect, Cun, Self} (You found it on level 1 of
                  | the Dungeon)
  7975 | D:9      | Identified the cursed +3 quarterstaff "Circumscribed
                  | Together" {spect, Cun, Self} (You found it on level 1 of
                  | the Dungeon)
  7977 | D:9      | Noticed Erolcha
  7981 | D:9      | Noticed Grum
  7988 | D:8      | Identified the cursed +3 quarterstaff "Circumscribed
                  | Together" {spect, Cun, Self} (You found it on level 1 of
                  | the Dungeon)
  8077 | D:8      | Identified the cursed +3 quarterstaff "Circumscribed
                  | Together" {spect, Cun, Self} (You found it on level 1 of
                  | the Dungeon)
  8138 | D:9      | Identified the cursed +3 quarterstaff "Circumscribed
                  | Together" {spect, Cun, Self} (You found it on level 1 of
                  | the Dungeon)
  8141 | D:9      | Identified the cursed +3 quarterstaff "Circumscribed
                  | Together" {spect, Cun, Self} (You found it on level 1 of
                  | the Dungeon)
  8147 | D:9      | Identified the cursed +3 quarterstaff "Circumscribed
                  | Together" {spect, Cun, Self} (You found it on level 1 of
                  | the Dungeon)
  8150 | D:8      | Identified the cursed +3 quarterstaff "Circumscribed
                  | Together" {spect, Cun, Self} (You found it on level 1 of
                  | the Dungeon)
  8341 | D:9      | Identified the cursed +3 quarterstaff "Circumscribed
                  | Together" {spect, Cun, Self} (You found it on level 1 of
                  | the Dungeon)
  8342 | D:9      | Killed Erolcha
  8343 | D:9      | Reached XP level 11. HP: 71/78 MP: 14/17
  8352 | D:9      | Identified the cursed +3 quarterstaff "Circumscribed
                  | Together" {spect, Cun, Self} (You found it on level 1 of
                  | the Dungeon)
  8354 | D:9      | Reached skill level 14 in Summonings
  8358 | D:9      | Identified the cursed +3 quarterstaff "Circumscribed
                  | Together" {spect, Cun, Self} (You found it on level 1 of
                  | the Dungeon)
  8501 | D:9      | Identified the cursed +3 quarterstaff "Circumscribed
                  | Together" {spect, Cun, Self} (You found it on level 1 of
                  | the Dungeon)
  8538 | D:9      | Found an ornate altar of the Wu Jian Council.
  8565 | D:9      | Identified the cursed +3 quarterstaff "Circumscribed
                  | Together" {spect, Cun, Self} (You found it on level 1 of
                  | the Dungeon)
  8603 | D:9      | Identified the cursed +3 quarterstaff "Circumscribed
                  | Together" {spect, Cun, Self} (You found it on level 1 of
                  | the Dungeon)
  8605 | D:9      | Identified the cursed +3 quarterstaff "Circumscribed
                  | Together" {spect, Cun, Self} (You found it on level 1 of
                  | the Dungeon)
  8610 | D:9      | Identified the cursed +3 quarterstaff "Circumscribed
                  | Together" {spect, Cun, Self} (You found it on level 1 of
                  | the Dungeon)
  8613 | D:9      | Identified the cursed +3 quarterstaff "Circumscribed
                  | Together" {spect, Cun, Self} (You found it on level 1 of
                  | the Dungeon)
  8616 | D:9      | Identified the cursed +3 quarterstaff "Circumscribed
                  | Together" {spect, Cun, Self} (You found it on level 1 of
                  | the Dungeon)
  8618 | D:9      | Identified the cursed +3 quarterstaff "Circumscribed
                  | Together" {spect, Cun, Self} (You found it on level 1 of
                  | the Dungeon)
  8621 | D:9      | Identified the cursed +3 quarterstaff "Circumscribed
                  | Together" {spect, Cun, Self} (You found it on level 1 of
                  | the Dungeon)
  8629 | D:9      | Found a staircase to the Lair.
  8651 | D:9      | Identified the cursed +3 quarterstaff "Circumscribed
                  | Together" {spect, Cun, Self} (You found it on level 1 of
                  | the Dungeon)
  8656 | D:9      | Identified the cursed +3 quarterstaff "Circumscribed
                  | Together" {spect, Cun, Self} (You found it on level 1 of
                  | the Dungeon)
  8661 | D:9      | Identified the cursed +3 quarterstaff "Circumscribed
                  | Together" {spect, Cun, Self} (You found it on level 1 of
                  | the Dungeon)
  8663 | D:9      | Killed Grum
  8699 | D:9      | Identified the cursed +3 quarterstaff "Circumscribed
                  | Together" {spect, Cun, Self} (You found it on level 1 of
                  | the Dungeon)
  8763 | D:9      | Identified the cursed +3 quarterstaff "Circumscribed
                  | Together" {spect, Cun, Self} (You found it on level 1 of
                  | the Dungeon)
  8769 | D:9      | Identified the cursed +3 quarterstaff "Circumscribed
                  | Together" {spect, Cun, Self} (You found it on level 1 of
                  | the Dungeon)
  8874 | D:9      | Reached *** piety under Ashenzari
  8886 | D:9      | Identified the cursed +3 quarterstaff "Circumscribed
                  | Together" {spect, Cun, Self} (You found it on level 1 of
                  | the Dungeon)
  8888 | D:9      | Identified the cursed +3 quarterstaff "Circumscribed
                  | Together" {spect, Cun, Self} (You found it on level 1 of
                  | the Dungeon)
  8890 | D:9      | Identified the cursed +3 quarterstaff "Circumscribed
                  | Together" {spect, Cun, Self} (You found it on level 1 of
                  | the Dungeon)
  8894 | D:9      | Identified the cursed +3 quarterstaff "Circumscribed
                  | Together" {spect, Cun, Self} (You found it on level 1 of
                  | the Dungeon)
  9008 | D:9      | Identified the cursed +3 quarterstaff "Circumscribed
                  | Together" {spect, Cun, Self} (You found it on level 1 of
                  | the Dungeon)
  9044 | D:9      | Found a snail-covered altar of Cheibriados.
  9110 | D:9      | Identified the cursed +3 quarterstaff "Circumscribed
                  | Together" {spect, Cun, Self} (You found it on level 1 of
                  | the Dungeon)
  9125 | D:9      | Identified the cursed +3 quarterstaff "Circumscribed
                  | Together" {spect, Cun, Self} (You found it on level 1 of
                  | the Dungeon)
  9158 | D:9      | Found a blossoming altar of Fedhas.
  9274 | Lair:1   | Entered Level 1 of the Lair of Beasts
  9274 | Lair:1   | Noticed a death yak
  9274 | Lair:1   | Noticed a death yak
  9274 | Lair:1   | Noticed a death yak
  9274 | Lair:1   | Noticed a death yak
  9281 | D:9      | Identified the cursed +3 quarterstaff "Circumscribed
                  | Together" {spect, Cun, Self} (You found it on level 1 of
                  | the Dungeon)
  9286 | D:9      | Identified the cursed +3 quarterstaff "Circumscribed
                  | Together" {spect, Cun, Self} (You found it on level 1 of
                  | the Dungeon)
  9289 | D:9      | Identified the cursed +3 quarterstaff "Circumscribed
                  | Together" {spect, Cun, Self} (You found it on level 1 of
                  | the Dungeon)
  9292 | D:9      | Killed a death yak
  9437 | D:10     | Entered Level 10 of the Dungeon
  9457 | D:10     | Found Uxasm's Assorted Antiques.
  9469 | D:10     | Identified the cursed +3 quarterstaff "Circumscribed
                  | Together" {spect, Cun, Self} (You found it on level 1 of
                  | the Dungeon)
  9515 | D:10     | Identified the cursed +3 quarterstaff "Circumscribed
                  | Together" {spect, Cun, Self} (You found it on level 1 of
                  | the Dungeon)
  9517 | D:10     | Reached skill level 15 in Summonings
  9518 | D:10     | Bought a scroll of teleportation for 84 gold pieces
  9518 | D:10     | Bought a scroll labelled SUX REJOZXAE for 28 gold pieces
  9518 | D:10     | Bought a pair of boots for 126 gold pieces
  9569 | D:10     | Reached **** piety under Ashenzari
  9579 | D:10     | Identified the cursed +3 quarterstaff "Circumscribed
                  | Together" {spect, Cun, Self} (You found it on level 1 of
                  | the Dungeon)
  9663 | D:10     | Identified the cursed +3 quarterstaff "Circumscribed
                  | Together" {spect, Cun, Self} (You found it on level 1 of
                  | the Dungeon)
  9665 | D:10     | Identified the cursed +3 quarterstaff "Circumscribed
                  | Together" {spect, Cun, Self} (You found it on level 1 of
                  | the Dungeon)
  9671 | D:10     | Identified the cursed +3 quarterstaff "Circumscribed
                  | Together" {spect, Cun, Self} (You found it on level 1 of
                  | the Dungeon)
  9746 | D:10     | Found an ancient bone altar of Kikubaaqudgha.
  9748 | D:10     | Identified the cursed +3 quarterstaff "Circumscribed
                  | Together" {spect, Cun, Self} (You found it on level 1 of
                  | the Dungeon)
  9792 | D:10     | Identified the cursed +3 quarterstaff "Circumscribed
                  | Together" {spect, Cun, Self} (You found it on level 1 of
                  | the Dungeon)
  9810 | D:10     | Identified the cursed +3 quarterstaff "Circumscribed
                  | Together" {spect, Cun, Self} (You found it on level 1 of
                  | the Dungeon)
  9812 | D:10     | Identified the cursed +3 quarterstaff "Circumscribed
                  | Together" {spect, Cun, Self} (You found it on level 1 of
                  | the Dungeon)
 10106 | D:11     | Identified the cursed +3 quarterstaff "Circumscribed
                  | Together" {spect, Cun, Self} (You found it on level 1 of
                  | the Dungeon)
 10110 | D:11     | Identified the cursed +3 quarterstaff "Circumscribed
                  | Together" {spect, Cun, Self} (You found it on level 1 of
                  | the Dungeon)
 10115 | D:11     | Identified the cursed +3 quarterstaff "Circumscribed
                  | Together" {spect, Cun, Self} (You found it on level 1 of
                  | the Dungeon)
 10185 | D:11     | Noticed a boulder beetle
 10228 | D:11     | Identified the cursed +3 quarterstaff "Circumscribed
                  | Together" {spect, Cun, Self} (You found it on level 1 of
                  | the Dungeon)
 10230 | D:11     | Identified the cursed +3 quarterstaff "Circumscribed
                  | Together" {spect, Cun, Self} (You found it on level 1 of
                  | the Dungeon)
 10236 | D:11     | Killed a boulder beetle
 10237 | D:11     | Reached skill level 16 in Summonings
 10549 | D:11     | Identified the cursed +3 quarterstaff "Circumscribed
                  | Together" {spect, Cun, Self} (You found it on level 1 of
                  | the Dungeon)
 10552 | D:11     | Reached skill level 1 in Translocations
 10553 | D:11     | Identified the cursed +3 quarterstaff "Circumscribed
                  | Together" {spect, Cun, Self} (You found it on level 1 of
                  | the Dungeon)
 10556 | D:11     | Reached XP level 12. HP: 89/89 MP: 21/21
 10559 | D:11     | Identified the cursed +3 quarterstaff "Circumscribed
                  | Together" {spect, Cun, Self} (You found it on level 1 of
                  | the Dungeon)
 10563 | D:11     | Identified the cursed +3 quarterstaff "Circumscribed
                  | Together" {spect, Cun, Self} (You found it on level 1 of
                  | the Dungeon)
 10598 | D:11     | Identified the cursed +3 quarterstaff "Circumscribed
                  | Together" {spect, Cun, Self} (You found it on level 1 of
                  | the Dungeon)
 10692 | D:11     | Identified the cursed +3 quarterstaff "Circumscribed
                  | Together" {spect, Cun, Self} (You found it on level 1 of
                  | the Dungeon)
 10772 | D:11     | Noticed a two-headed ogre
 10785 | D:11     | Killed a two-headed ogre
 10835 | D:11     | Noticed a centaur warrior
 10846 | D:11     | Found a staircase to the Orcish Mines.
 10854 | D:11     | Killed a centaur warrior
 10855 | D:11     | Reached skill level 17 in Summonings
 10863 | D:11     | Identified the cursed +3 quarterstaff "Circumscribed
                  | Together" {spect, Cun, Self} (You found it on level 1 of
                  | the Dungeon)
 11144 | D:11     | Identified the cursed +3 quarterstaff "Circumscribed
                  | Together" {spect, Cun, Self} (You found it on level 1 of
                  | the Dungeon)
 11148 | D:11     | Identified the cursed +3 quarterstaff "Circumscribed
                  | Together" {spect, Cun, Self} (You found it on level 1 of
                  | the Dungeon)
 11161 | D:11     | Identified the cursed +3 quarterstaff "Circumscribed
                  | Together" {spect, Cun, Self} (You found it on level 1 of
                  | the Dungeon)
 11399 | D:12     | Identified the cursed +3 quarterstaff "Circumscribed
                  | Together" {spect, Cun, Self} (You found it on level 1 of
                  | the Dungeon)
 11408 | D:12     | Noticed Snorg
 11420 | D:12     | Noticed a boulder beetle
 11663 | D:8      | Identified the cursed +3 quarterstaff "Circumscribed
                  | Together" {spect, Cun, Self} (You found it on level 1 of
                  | the Dungeon)
 11664 | D:8      | Killed a death yak
 11955 | D:9      | Identified the cursed +3 quarterstaff "Circumscribed
                  | Together" {spect, Cun, Self} (You found it on level 1 of
                  | the Dungeon)
 11957 | D:9      | Killed a death yak
 11959 | D:9      | Identified the cursed +3 quarterstaff "Circumscribed
                  | Together" {spect, Cun, Self} (You found it on level 1 of
                  | the Dungeon)
 11963 | D:9      | Killed a death yak
 12084 | Lair:1   | Identified the cursed +3 quarterstaff "Circumscribed
                  | Together" {spect, Cun, Self} (You found it on level 1 of
                  | the Dungeon)
 12208 | Lair:1   | Identified the cursed +3 quarterstaff "Circumscribed
                  | Together" {spect, Cun, Self} (You found it on level 1 of
                  | the Dungeon)
 12372 | Lair:1   | Identified the cursed +3 quarterstaff "Circumscribed
                  | Together" {spect, Cun, Self} (You found it on level 1 of
                  | the Dungeon)
 12386 | Lair:1   | Reached skill level 18 in Summonings
 12565 | Lair:1   | Reached ***** piety under Ashenzari
 12623 | Lair:1   | Identified the cursed +3 quarterstaff "Circumscribed
                  | Together" {spect, Cun, Self} (You found it on level 1 of
                  | the Dungeon)
 12626 | Lair:1   | Identified the cursed +3 quarterstaff "Circumscribed
                  | Together" {spect, Cun, Self} (You found it on level 1 of
                  | the Dungeon)
 13227 | Lair:1   | Identified the cursed +3 quarterstaff "Circumscribed
                  | Together" {spect, Cun, Self} (You found it on level 1 of
                  | the Dungeon)
 13317 | Lair:1   | Identified the cursed +3 quarterstaff "Circumscribed
                  | Together" {spect, Cun, Self} (You found it on level 1 of
                  | the Dungeon)
 13323 | Lair:1   | Identified the cursed +3 quarterstaff "Circumscribed
                  | Together" {spect, Cun, Self} (You found it on level 1 of
                  | the Dungeon)
 13349 | Lair:2   | Identified the cursed +3 quarterstaff "Circumscribed
                  | Together" {spect, Cun, Self} (You found it on level 1 of
                  | the Dungeon)
 13354 | Lair:2   | Identified the cursed +3 quarterstaff "Circumscribed
                  | Together" {spect, Cun, Self} (You found it on level 1 of
                  | the Dungeon)
 13357 | Lair:2   | Identified the cursed +3 quarterstaff "Circumscribed
                  | Together" {spect, Cun, Self} (You found it on level 1 of
                  | the Dungeon)
 13425 | Lair:2   | Identified the cursed +3 quarterstaff "Circumscribed
                  | Together" {spect, Cun, Self} (You found it on level 1 of
                  | the Dungeon)
 13429 | Lair:2   | Found a staircase to the Snake Pit.
 13431 | Lair:2   | Identified the cursed +3 quarterstaff "Circumscribed
                  | Together" {spect, Cun, Self} (You found it on level 1 of
                  | the Dungeon)
 13436 | Lair:2   | Identified the cursed +3 quarterstaff "Circumscribed
                  | Together" {spect, Cun, Self} (You found it on level 1 of
                  | the Dungeon)
 13438 | Lair:2   | Reached skill level 19 in Summonings
 13526 | Lair:2   | Identified the cursed +3 quarterstaff "Circumscribed
                  | Together" {spect, Cun, Self} (You found it on level 1 of
                  | the Dungeon)
 13528 | Lair:2   | Identified the cursed +3 quarterstaff "Circumscribed
                  | Together" {spect, Cun, Self} (You found it on level 1 of
                  | the Dungeon)
 13534 | Lair:2   | Identified the cursed +3 quarterstaff "Circumscribed
                  | Together" {spect, Cun, Self} (You found it on level 1 of
                  | the Dungeon)
 13537 | Lair:2   | Identified the cursed +3 quarterstaff "Circumscribed
                  | Together" {spect, Cun, Self} (You found it on level 1 of
                  | the Dungeon)
 13541 | Lair:2   | Identified the cursed +3 quarterstaff "Circumscribed
                  | Together" {spect, Cun, Self} (You found it on level 1 of
                  | the Dungeon)
 13738 | Lair:2   | Identified the cursed +3 quarterstaff "Circumscribed
                  | Together" {spect, Cun, Self} (You found it on level 1 of
                  | the Dungeon)
 13765 | Lair:2   | Identified the cursed +3 quarterstaff "Circumscribed
                  | Together" {spect, Cun, Self} (You found it on level 1 of
                  | the Dungeon)
 13766 | Lair:2   | Identified the cursed +3 quarterstaff "Circumscribed
                  | Together" {spect, Cun, Self} (You found it on level 1 of
                  | the Dungeon)
 13775 | Lair:2   | Identified the cursed +3 quarterstaff "Circumscribed
                  | Together" {spect, Cun, Self} (You found it on level 1 of
                  | the Dungeon)
 13852 | Lair:2   | Identified the cursed +3 quarterstaff "Circumscribed
                  | Together" {spect, Cun, Self} (You found it on level 1 of
                  | the Dungeon)
 13853 | Lair:2   | Identified the cursed +3 quarterstaff "Circumscribed
                  | Together" {spect, Cun, Self} (You found it on level 1 of
                  | the Dungeon)
 13854 | Lair:2   | Gained mutation: You can hop long distances. [Barachi
                  | growth]
 13854 | Lair:2   | Reached XP level 13. HP: 98/98 MP: 16/24
 13855 | Lair:2   | Identified the cursed +3 quarterstaff "Circumscribed
                  | Together" {spect, Cun, Self} (You found it on level 1 of
                  | the Dungeon)
 13900 | Lair:2   | Identified the cursed +3 quarterstaff "Circumscribed
                  | Together" {spect, Cun, Self} (You found it on level 1 of
                  | the Dungeon)
 13909 | Lair:2   | Identified the cursed +3 quarterstaff "Circumscribed
                  | Together" {spect, Cun, Self} (You found it on level 1 of
                  | the Dungeon)
 13915 | Lair:2   | Reached skill level 20 in Summonings
 13916 | Lair:2   | Identified the cursed +3 quarterstaff "Circumscribed
                  | Together" {spect, Cun, Self} (You found it on level 1 of
                  | the Dungeon)
 13917 | Lair:2   | Identified the cursed +3 quarterstaff "Circumscribed
                  | Together" {spect, Cun, Self} (You found it on level 1 of
                  | the Dungeon)
 13994 | Lair:2   | Identified the cursed +3 quarterstaff "Circumscribed
                  | Together" {spect, Cun, Self} (You found it on level 1 of
                  | the Dungeon)
 13996 | Lair:2   | Identified the cursed +3 quarterstaff "Circumscribed
                  | Together" {spect, Cun, Self} (You found it on level 1 of
                  | the Dungeon)
 14007 | Lair:2   | Identified the cursed +3 quarterstaff "Circumscribed
                  | Together" {spect, Cun, Self} (You found it on level 1 of
                  | the Dungeon)
 14072 | Lair:2   | Identified the cursed +3 quarterstaff "Circumscribed
                  | Together" {spect, Cun, Self} (You found it on level 1 of
                  | the Dungeon)
 14130 | Lair:2   | Identified the cursed +3 quarterstaff "Circumscribed
                  | Together" {spect, Cun, Self} (You found it on level 1 of
                  | the Dungeon)
 14135 | Lair:2   | Identified the cursed +3 quarterstaff "Circumscribed
                  | Together" {spect, Cun, Self} (You found it on level 1 of
                  | the Dungeon)
 14139 | Lair:2   | Identified the cursed +3 quarterstaff "Circumscribed
                  | Together" {spect, Cun, Self} (You found it on level 1 of
                  | the Dungeon)
 14203 | Lair:2   | Identified the cursed +3 quarterstaff "Circumscribed
                  | Together" {spect, Cun, Self} (You found it on level 1 of
                  | the Dungeon)
 14237 | Lair:2   | Identified the cursed +3 quarterstaff "Circumscribed
                  | Together" {spect, Cun, Self} (You found it on level 1 of
                  | the Dungeon)
 14298 | Lair:2   | Identified the cursed +3 quarterstaff "Circumscribed
                  | Together" {spect, Cun, Self} (You found it on level 1 of
                  | the Dungeon)
 14301 | Lair:2   | Reached skill level 5 in Fighting
 14690 | Lair:3   | Identified the cursed +3 quarterstaff "Circumscribed
                  | Together" {spect, Cun, Self} (You found it on level 1 of
                  | the Dungeon)
 14760 | Lair:3   | Identified the cursed +3 quarterstaff "Circumscribed
                  | Together" {spect, Cun, Self} (You found it on level 1 of
                  | the Dungeon)
 14770 | Lair:3   | Identified the cursed +3 quarterstaff "Circumscribed
                  | Together" {spect, Cun, Self} (You found it on level 1 of
                  | the Dungeon)
 14880 | Lair:3   | Identified the cursed +3 quarterstaff "Circumscribed
                  | Together" {spect, Cun, Self} (You found it on level 1 of
                  | the Dungeon)
 14891 | Lair:3   | Identified the cursed +3 quarterstaff "Circumscribed
                  | Together" {spect, Cun, Self} (You found it on level 1 of
                  | the Dungeon)
 14895 | Lair:3   | Reached skill level 5 in Spellcasting
 15042 | Lair:3   | Identified the cursed +3 quarterstaff "Circumscribed
                  | Together" {spect, Cun, Self} (You found it on level 1 of
                  | the Dungeon)
 15046 | Lair:3   | Identified the cursed +3 quarterstaff "Circumscribed
                  | Together" {spect, Cun, Self} (You found it on level 1 of
                  | the Dungeon)
 15047 | Lair:3   | Reached skill level 5 in Dodging
 15054 | Lair:3   | Identified the cursed +3 quarterstaff "Circumscribed
                  | Together" {spect, Cun, Self} (You found it on level 1 of
                  | the Dungeon)
 15107 | Lair:3   | Identified the cursed +3 quarterstaff "Circumscribed
                  | Together" {spect, Cun, Self} (You found it on level 1 of
                  | the Dungeon)
 15119 | Lair:3   | Identified the cursed +3 quarterstaff "Circumscribed
                  | Together" {spect, Cun, Self} (You found it on level 1 of
                  | the Dungeon)
 15121 | Lair:3   | Identified the cursed +3 quarterstaff "Circumscribed
                  | Together" {spect, Cun, Self} (You found it on level 1 of
                  | the Dungeon)
 15123 | Lair:3   | Noticed Nessos
 15133 | Lair:3   | Identified the cursed +3 quarterstaff "Circumscribed
                  | Together" {spect, Cun, Self} (You found it on level 1 of
                  | the Dungeon)
 15140 | Lair:3   | Identified the cursed +3 quarterstaff "Circumscribed
                  | Together" {spect, Cun, Self} (You found it on level 1 of
                  | the Dungeon)
 15141 | Lair:3   | Identified the cursed +3 quarterstaff "Circumscribed
                  | Together" {spect, Cun, Self} (You found it on level 1 of
                  | the Dungeon)
 15144 | Lair:3   | Identified the cursed +3 quarterstaff "Circumscribed
                  | Together" {spect, Cun, Self} (You found it on level 1 of
                  | the Dungeon)
 15145 | Lair:3   | Identified the cursed +3 quarterstaff "Circumscribed
                  | Together" {spect, Cun, Self} (You found it on level 1 of
                  | the Dungeon)
 15146 | Lair:3   | Killed Nessos
 15274 | Lair:3   | Noticed Nergalle
 15283 | Lair:3   | Identified the cursed +3 quarterstaff "Circumscribed
                  | Together" {spect, Cun, Self} (You found it on level 1 of
                  | the Dungeon)
 15289 | Lair:3   | Killed Nergalle
 15344 | Lair:3   | Identified the cursed +3 quarterstaff "Circumscribed
                  | Together" {spect, Cun, Self} (You found it on level 1 of
                  | the Dungeon)
 15349 | Lair:3   | Identified the cursed +3 quarterstaff "Circumscribed
                  | Together" {spect, Cun, Self} (You found it on level 1 of
                  | the Dungeon)
 15354 | Lair:3   | Identified the cursed +3 quarterstaff "Circumscribed
                  | Together" {spect, Cun, Self} (You found it on level 1 of
                  | the Dungeon)
 15357 | Lair:3   | Identified the cursed +3 quarterstaff "Circumscribed
                  | Together" {spect, Cun, Self} (You found it on level 1 of
                  | the Dungeon)
 15363 | Lair:3   | Identified the cursed +3 quarterstaff "Circumscribed
                  | Together" {spect, Cun, Self} (You found it on level 1 of
                  | the Dungeon)
 15433 | Lair:3   | Identified the cursed +3 quarterstaff "Circumscribed
                  | Together" {spect, Cun, Self} (You found it on level 1 of
                  | the Dungeon)
 15511 | Lair:3   | Found a staircase to the Shoals.
 15657 | Lair:3   | Found a runed translucent gate.
 15657 | Lair:3   | Found a runed translucent gate.
 15657 | Lair:3   | Found a runed translucent gate.
 15657 | Lair:3   | Noticed dcsswall's ghost (journeyman BaIE)
 15731 | Lair:3   | Identified the cursed +3 quarterstaff "Circumscribed
                  | Together" {spect, Cun, Self} (You found it on level 1 of
                  | the Dungeon)
 15930 | Lair:3   | Identified the cursed +3 quarterstaff "Circumscribed
                  | Together" {spect, Cun, Self} (You found it on level 1 of
                  | the Dungeon)
 16188 | Lair:3   | Identified the cursed +3 quarterstaff "Circumscribed
                  | Together" {spect, Cun, Self} (You found it on level 1 of
                  | the Dungeon)
 16194 | Lair:3   | Killed dcsswall's ghost
 16197 | Lair:3   | Identified the cursed +3 quarterstaff "Circumscribed
                  | Together" {spect, Cun, Self} (You found it on level 1 of
                  | the Dungeon)
 16201 | Lair:3   | Identified the cursed +3 quarterstaff "Circumscribed
                  | Together" {spect, Cun, Self} (You found it on level 1 of
                  | the Dungeon)
 16298 | Lair:3   | Identified the cursed +3 quarterstaff "Circumscribed
                  | Together" {spect, Cun, Self} (You found it on level 1 of
                  | the Dungeon)
 16307 | Lair:3   | Identified the cursed +3 quarterstaff "Circumscribed
                  | Together" {spect, Cun, Self} (You found it on level 1 of
                  | the Dungeon)
 16311 | Lair:3   | Identified the cursed +3 quarterstaff "Circumscribed
                  | Together" {spect, Cun, Self} (You found it on level 1 of
                  | the Dungeon)
 16336 | Lair:3   | Gained mutation: Your magical capacity is low. (-10% MP)
                  | [potion of mutation]
 16336 | Lair:3   | Gained mutation: Your mind is acute. (Int +4, Str/Dex -1)
                  | [potion of mutation]
 16336 | Lair:3   | Gained mutation: You are partially covered in iridescent
                  | scales. (AC +2) [potion of mutation]
 16336 | Lair:3   | Gained mutation: Your natural rate of healing is unusually
                  | fast. [potion of mutation]
 16390 | Lair:4   | Identified the cursed +3 quarterstaff "Circumscribed
                  | Together" {spect, Cun, Self} (You found it on level 1 of
                  | the Dungeon)
 16394 | Lair:4   | Identified the cursed +3 quarterstaff "Circumscribed
                  | Together" {spect, Cun, Self} (You found it on level 1 of
                  | the Dungeon)
 16397 | Lair:4   | Identified the cursed +3 quarterstaff "Circumscribed
                  | Together" {spect, Cun, Self} (You found it on level 1 of
                  | the Dungeon)
 16400 | Lair:3   | Identified the cursed +3 quarterstaff "Circumscribed
                  | Together" {spect, Cun, Self} (You found it on level 1 of
                  | the Dungeon)
 16431 | Lair:4   | Identified the cursed +3 quarterstaff "Circumscribed
                  | Together" {spect, Cun, Self} (You found it on level 1 of
                  | the Dungeon)
 16434 | Lair:4   | Identified the cursed +3 quarterstaff "Circumscribed
                  | Together" {spect, Cun, Self} (You found it on level 1 of
                  | the Dungeon)
 16436 | Lair:4   | Reached XP level 14. HP: 101/110 MP: 16/25
 16436 | Lair:4   | Identified the cursed +3 quarterstaff "Circumscribed
                  | Together" {spect, Cun, Self} (You found it on level 1 of
                  | the Dungeon)
 16438 | Lair:4   | Identified the cursed +3 quarterstaff "Circumscribed
                  | Together" {spect, Cun, Self} (You found it on level 1 of
                  | the Dungeon)
 16517 | Lair:4   | Identified the cursed +3 quarterstaff "Circumscribed
                  | Together" {spect, Cun, Self} (You found it on level 1 of
                  | the Dungeon)
 16521 | Lair:4   | Identified the cursed +3 quarterstaff "Circumscribed
                  | Together" {spect, Cun, Self} (You found it on level 1 of
                  | the Dungeon)
 16526 | Lair:4   | Identified the cursed +3 quarterstaff "Circumscribed
                  | Together" {spect, Cun, Self} (You found it on level 1 of
                  | the Dungeon)
 16528 | Lair:4   | Reached skill level 10 in Dodging
 16609 | Lair:4   | Identified the cursed +3 quarterstaff "Circumscribed
                  | Together" {spect, Cun, Self} (You found it on level 1 of
                  | the Dungeon)
 16613 | Lair:4   | Identified the cursed +3 quarterstaff "Circumscribed
                  | Together" {spect, Cun, Self} (You found it on level 1 of
                  | the Dungeon)
 16697 | Lair:4   | Identified the cursed +3 quarterstaff "Circumscribed
                  | Together" {spect, Cun, Self} (You found it on level 1 of
                  | the Dungeon)
 16801 | Lair:4   | Identified the cursed +3 quarterstaff "Circumscribed
                  | Together" {spect, Cun, Self} (You found it on level 1 of
                  | the Dungeon)
 16900 | Lair:4   | Identified the cursed +3 quarterstaff "Circumscribed
                  | Together" {spect, Cun, Self} (You found it on level 1 of
                  | the Dungeon)
 16926 | Lair:4   | Identified the cursed +3 quarterstaff "Circumscribed
                  | Together" {spect, Cun, Self} (You found it on level 1 of
                  | the Dungeon)
 16934 | Lair:4   | Identified the cursed +3 quarterstaff "Circumscribed
                  | Together" {spect, Cun, Self} (You found it on level 1 of
                  | the Dungeon)
 16996 | Lair:4   | Identified the cursed +3 quarterstaff "Circumscribed
                  | Together" {spect, Cun, Self} (You found it on level 1 of
                  | the Dungeon)
 17002 | Lair:4   | Identified the cursed +3 quarterstaff "Circumscribed
                  | Together" {spect, Cun, Self} (You found it on level 1 of
                  | the Dungeon)
 17084 | Lair:4   | Found a staircase to the Slime Pits.
 17089 | Lair:4   | Identified the cursed +3 quarterstaff "Circumscribed
                  | Together" {spect, Cun, Self} (You found it on level 1 of
                  | the Dungeon)
 17294 | Lair:5   | Entered Level 5 of the Lair of Beasts
 17296 | Lair:5   | Identified the cursed +3 quarterstaff "Circumscribed
                  | Together" {spect, Cun, Self} (You found it on level 1 of
                  | the Dungeon)
 17321 | Lair:5   | Identified the cursed +3 quarterstaff "Circumscribed
                  | Together" {spect, Cun, Self} (You found it on level 1 of
                  | the Dungeon)
 17326 | Lair:5   | Identified the cursed +3 quarterstaff "Circumscribed
                  | Together" {spect, Cun, Self} (You found it on level 1 of
                  | the Dungeon)
 17331 | Lair:5   | Identified the cursed +3 quarterstaff "Circumscribed
                  | Together" {spect, Cun, Self} (You found it on level 1 of
                  | the Dungeon)
 17340 | Lair:5   | Identified the cursed +3 quarterstaff "Circumscribed
                  | Together" {spect, Cun, Self} (You found it on level 1 of
                  | the Dungeon)
 17346 | Lair:5   | Identified the cursed +3 quarterstaff "Circumscribed
                  | Together" {spect, Cun, Self} (You found it on level 1 of
                  | the Dungeon)
 17355 | Lair:5   | Identified the cursed +3 quarterstaff "Circumscribed
                  | Together" {spect, Cun, Self} (You found it on level 1 of
                  | the Dungeon)
 17360 | Lair:5   | Identified the cursed +3 quarterstaff "Circumscribed
                  | Together" {spect, Cun, Self} (You found it on level 1 of
                  | the Dungeon)
 17382 | Lair:5   | Identified the cursed +3 quarterstaff "Circumscribed
                  | Together" {spect, Cun, Self} (You found it on level 1 of
                  | the Dungeon)
 17386 | Lair:5   | Identified the amulet of Sif Muna's Approval {Spirit Str+3
                  | Int+3}
 17387 | Lair:5   | Identified the cursed +3 quarterstaff "Circumscribed
                  | Together" {spect, Cun, Self} (You found it on level 1 of
                  | the Dungeon)
 17392 | Lair:5   | Identified the cursed +3 quarterstaff "Circumscribed
                  | Together" {spect, Cun, Self} (You found it on level 1 of
                  | the Dungeon)
 17396 | Lair:5   | Identified the cursed +3 quarterstaff "Circumscribed
                  | Together" {spect, Cun, Self} (You found it on level 1 of
                  | the Dungeon)
 17402 | Lair:5   | Identified the cursed +3 quarterstaff "Circumscribed
                  | Together" {spect, Cun, Self} (You found it on level 1 of
                  | the Dungeon)
 17414 | Lair:5   | Identified the +2 helmet of Terror {rC+ rN++ Will- Slay+3}
 17420 | Lair:5   | Identified the cursed +3 quarterstaff "Circumscribed
                  | Together" {spect, Cun, Self} (You found it on level 1 of
                  | the Dungeon)
 17436 | Lair:5   | Identified the cursed +3 quarterstaff "Circumscribed
                  | Together" {spect, Cun, Self} (You found it on level 1 of
                  | the Dungeon)
 17439 | Lair:5   | Identified the cursed +3 quarterstaff "Circumscribed
                  | Together" {spect, Cun, Self} (You found it on level 1 of
                  | the Dungeon)
 17441 | Lair:5   | Identified the cursed +3 quarterstaff "Circumscribed
                  | Together" {spect, Cun, Self} (You found it on level 1 of
                  | the Dungeon)
 17444 | Lair:5   | Identified the cursed +3 quarterstaff "Circumscribed
                  | Together" {spect, Cun, Self} (You found it on level 1 of
                  | the Dungeon)
 17518 | Lair:5   | Identified the cursed +3 quarterstaff "Circumscribed
                  | Together" {spect, Cun, Self} (You found it on level 1 of
                  | the Dungeon)
 17520 | Lair:5   | Identified the cursed +3 quarterstaff "Circumscribed
                  | Together" {spect, Cun, Self} (You found it on level 1 of
                  | the Dungeon)
 17524 | Lair:5   | Identified the cursed +3 quarterstaff "Circumscribed
                  | Together" {spect, Cun, Self} (You found it on level 1 of
                  | the Dungeon)
 17626 | Lair:5   | Identified the cursed +3 quarterstaff "Circumscribed
                  | Together" {spect, Cun, Self} (You found it on level 1 of
                  | the Dungeon)
 17667 | Lair:5   | Identified the cursed +3 quarterstaff "Circumscribed
                  | Together" {spect, Cun, Self} (You found it on level 1 of
                  | the Dungeon)
 17682 | Lair:5   | Identified the cursed +3 quarterstaff "Circumscribed
                  | Together" {spect, Cun, Self} (You found it on level 1 of
                  | the Dungeon)
 17735 | Lair:5   | Identified the cursed +3 quarterstaff "Circumscribed
                  | Together" {spect, Cun, Self} (You found it on level 1 of
                  | the Dungeon)
 17813 | Lair:5   | Identified the cursed +3 quarterstaff "Circumscribed
                  | Together" {spect, Cun, Self} (You found it on level 1 of
                  | the Dungeon)
 17858 | Lair:5   | Identified the cursed +3 quarterstaff "Circumscribed
                  | Together" {spect, Cun, Self} (You found it on level 1 of
                  | the Dungeon)
 17908 | Lair:5   | Identified the cursed +3 quarterstaff "Circumscribed
                  | Together" {spect, Cun, Self} (You found it on level 1 of
                  | the Dungeon)
 17984 | Lair:5   | Identified the cursed +3 quarterstaff "Circumscribed
                  | Together" {spect, Cun, Self} (You found it on level 1 of
                  | the Dungeon)
 17986 | Lair:5   | Identified the cursed +3 quarterstaff "Circumscribed
                  | Together" {spect, Cun, Self} (You found it on level 1 of
                  | the Dungeon)
 18140 | Lair:5   | Identified the cursed +3 quarterstaff "Circumscribed
                  | Together" {spect, Cun, Self} (You found it on level 1 of
                  | the Dungeon)
 18162 | Lair:5   | Identified the cursed +3 quarterstaff "Circumscribed
                  | Together" {spect, Cun, Self} (You found it on level 1 of
                  | the Dungeon)
 18327 | Lair:5   | Identified the cursed +3 quarterstaff "Circumscribed
                  | Together" {spect, Cun, Self} (You found it on level 1 of
                  | the Dungeon)
 18508 | D:12     | Identified the cursed +3 quarterstaff "Circumscribed
                  | Together" {spect, Cun, Self} (You found it on level 1 of
                  | the Dungeon)
 18602 | D:11     | Identified the cursed +3 quarterstaff "Circumscribed
                  | Together" {spect, Cun, Self} (You found it on level 1 of
                  | the Dungeon)
 18692 | D:12     | Identified the cursed +3 quarterstaff "Circumscribed
                  | Together" {spect, Cun, Self} (You found it on level 1 of
                  | the Dungeon)
 18859 | D:12     | Found Fetacsy's Book Emporium.
 18864 | D:12     | Bought a book of Dangerous Friends for 400 gold pieces
 18869 | D:12     | Learned a level 4 spell: Summon Lightning Spire
 18974 | D:12     | Found a shimmering altar of Xom.
 19016 | D:12     | Reached skill level 15 in Dodging
 19022 | D:12     | Reached XP level 15. HP: 110/114 MP: 17/25
 19149 | D:12     | Identified the cursed +3 quarterstaff "Circumscribed
                  | Together" {spect, Cun, Self} (You found it on level 1 of
                  | the Dungeon)
 19189 | D:12     | Identified the cursed +3 quarterstaff "Circumscribed
                  | Together" {spect, Cun, Self} (You found it on level 1 of
                  | the Dungeon)
 19715 | D:12     | Identified the cursed +3 quarterstaff "Circumscribed
                  | Together" {spect, Cun, Self} (You found it on level 1 of
                  | the Dungeon)
 19716 | D:12     | Killed Snorg
 19729 | D:13     | Identified the cursed +3 quarterstaff "Circumscribed
                  | Together" {spect, Cun, Self} (You found it on level 1 of
                  | the Dungeon)
 19734 | D:13     | Identified the cursed +3 quarterstaff "Circumscribed
                  | Together" {spect, Cun, Self} (You found it on level 1 of
                  | the Dungeon)
 19774 | D:13     | Found a huge runed gate.
 19774 | D:13     | Found a huge runed gate.
 19774 | D:13     | Found a huge runed gate.
 19774 | D:13     | Found a huge runed gate.
 19774 | D:13     | Found a huge runed gate.
 19774 | D:13     | Found a huge runed gate.
 19774 | D:13     | Found a huge runed gate.
 19774 | D:13     | Found a huge runed gate.
 19774 | D:13     | Found a huge runed gate.
 19774 | D:13     | Found a huge runed gate.
 19782 | D:13     | Found a huge runed gate.
 19782 | D:13     | Found a huge runed gate.
 19782 | D:13     | Found a huge runed gate.
 19782 | D:13     | Found a huge runed gate.
 19782 | D:13     | Found a huge runed gate.
 19782 | D:13     | Found a huge runed gate.
 19783 | D:13     | Found a huge runed gate.
 19784 | D:13     | Found a huge runed gate.
 19785 | D:13     | Found a huge runed gate.
 19794 | D:13     | Found a huge runed gate.
 19794 | D:13     | Found a huge runed gate.
 19794 | D:13     | Found a huge runed gate.
 19794 | D:13     | Found a huge runed gate.
 19794 | D:13     | Found a huge runed gate.
 19794 | D:13     | Found a huge runed gate.
 19794 | D:13     | Found a huge runed gate.
 19795 | D:13     | Found a huge runed gate.
 19796 | D:13     | Found a huge runed gate.
 19829 | D:13     | Identified the cursed +3 quarterstaff "Circumscribed
                  | Together" {spect, Cun, Self} (You found it on level 1 of
                  | the Dungeon)
 19892 | D:13     | Identified the cursed +3 quarterstaff "Circumscribed
                  | Together" {spect, Cun, Self} (You found it on level 1 of
                  | the Dungeon)
 19896 | D:13     | Identified the cursed +3 quarterstaff "Circumscribed
                  | Together" {spect, Cun, Self} (You found it on level 1 of
                  | the Dungeon)
 19901 | D:13     | Identified the cursed +3 quarterstaff "Circumscribed
                  | Together" {spect, Cun, Self} (You found it on level 1 of
                  | the Dungeon)
 20066 | D:13     | Identified the cursed +3 quarterstaff "Circumscribed
                  | Together" {spect, Cun, Self} (You found it on level 1 of
                  | the Dungeon)
 20110 | D:13     | Found a huge runed gate.
 20110 | D:13     | Found a huge runed gate.
 20117 | D:13     | Found a huge runed gate.
 20117 | D:13     | Found a huge runed gate.
 20117 | D:13     | Found a huge runed gate.
 20118 | D:13     | Found a huge runed gate.
 20118 | D:13     | Found a huge runed gate.
 20119 | D:13     | Found a huge runed gate.
 20122 | D:13     | Found a white marble altar of Elyvilon.
 20175 | D:13     | Identified the cursed +3 quarterstaff "Circumscribed
                  | Together" {spect, Cun, Self} (You found it on level 1 of
                  | the Dungeon)
 20235 | D:13     | Identified the cursed +3 quarterstaff "Circumscribed
                  | Together" {spect, Cun, Self} (You found it on level 1 of
                  | the Dungeon)
 20239 | D:13     | Identified the cursed +3 quarterstaff "Circumscribed
                  | Together" {spect, Cun, Self} (You found it on level 1 of
                  | the Dungeon)
 20242 | D:13     | Identified the cursed +3 quarterstaff "Circumscribed
                  | Together" {spect, Cun, Self} (You found it on level 1 of
                  | the Dungeon)
 20244 | D:13     | Identified the cursed +3 quarterstaff "Circumscribed
                  | Together" {spect, Cun, Self} (You found it on level 1 of
                  | the Dungeon)
 20246 | D:13     | Reached skill level 5 in Armour
 20246 | D:13     | Identified the cursed +3 quarterstaff "Circumscribed
                  | Together" {spect, Cun, Self} (You found it on level 1 of
                  | the Dungeon)
 20248 | D:13     | Identified the cursed +3 quarterstaff "Circumscribed
                  | Together" {spect, Cun, Self} (You found it on level 1 of
                  | the Dungeon)
 20251 | D:13     | Identified the cursed +3 quarterstaff "Circumscribed
                  | Together" {spect, Cun, Self} (You found it on level 1 of
                  | the Dungeon)
 20254 | D:13     | Identified the cursed +3 quarterstaff "Circumscribed
                  | Together" {spect, Cun, Self} (You found it on level 1 of
                  | the Dungeon)
 20269 | D:13     | Identified the cursed +3 quarterstaff "Circumscribed
                  | Together" {spect, Cun, Self} (You found it on level 1 of
                  | the Dungeon)
 20506 | Orc:1    | Entered Level 1 of the Orcish Mines
 20523 | Orc:1    | Noticed Gastronok
 20538 | Orc:1    | Identified the cursed +3 quarterstaff "Circumscribed
                  | Together" {spect, Cun, Self} (You found it on level 1 of
                  | the Dungeon)
 20542 | Orc:1    | Killed Gastronok
 20618 | Orc:1    | Identified the cursed +3 quarterstaff "Circumscribed
                  | Together" {spect, Cun, Self} (You found it on level 1 of
                  | the Dungeon)
 20623 | Orc:1    | Identified the cursed +3 quarterstaff "Circumscribed
                  | Together" {spect, Cun, Self} (You found it on level 1 of
                  | the Dungeon)
 20733 | Orc:2    | Entered Level 2 of the Orcish Mines
 20768 | Orc:2    | Identified the cursed +3 quarterstaff "Circumscribed
                  | Together" {spect, Cun, Self} (You found it on level 1 of
                  | the Dungeon)
 20771 | Orc:2    | Identified the cursed +3 quarterstaff "Circumscribed
                  | Together" {spect, Cun, Self} (You found it on level 1 of
                  | the Dungeon)
 20774 | Orc:2    | Identified the cursed +3 quarterstaff "Circumscribed
                  | Together" {spect, Cun, Self} (You found it on level 1 of
                  | the Dungeon)
 20777 | Orc:2    | Identified the cursed +3 quarterstaff "Circumscribed
                  | Together" {spect, Cun, Self} (You found it on level 1 of
                  | the Dungeon)
 20780 | Orc:2    | Identified the cursed +3 quarterstaff "Circumscribed
                  | Together" {spect, Cun, Self} (You found it on level 1 of
                  | the Dungeon)
 20785 | Orc:2    | Identified the cursed +3 quarterstaff "Circumscribed
                  | Together" {spect, Cun, Self} (You found it on level 1 of
                  | the Dungeon)
 20789 | Orc:2    | Identified the cursed +3 quarterstaff "Circumscribed
                  | Together" {spect, Cun, Self} (You found it on level 1 of
                  | the Dungeon)
 20795 | Orc:2    | Identified the cursed +3 quarterstaff "Circumscribed
                  | Together" {spect, Cun, Self} (You found it on level 1 of
                  | the Dungeon)
 20797 | Orc:2    | Identified the cursed +3 quarterstaff "Circumscribed
                  | Together" {spect, Cun, Self} (You found it on level 1 of
                  | the Dungeon)
 20802 | Orc:2    | Identified the cursed +3 quarterstaff "Circumscribed
                  | Together" {spect, Cun, Self} (You found it on level 1 of
                  | the Dungeon)
 20805 | Orc:2    | Identified the cursed +3 quarterstaff "Circumscribed
                  | Together" {spect, Cun, Self} (You found it on level 1 of
                  | the Dungeon)
 20810 | Orc:2    | Identified the cursed +3 quarterstaff "Circumscribed
                  | Together" {spect, Cun, Self} (You found it on level 1 of
                  | the Dungeon)
 20815 | Orc:2    | Identified the cursed +3 quarterstaff "Circumscribed
                  | Together" {spect, Cun, Self} (You found it on level 1 of
                  | the Dungeon)
 20827 | Orc:2    | Identified the cursed +3 quarterstaff "Circumscribed
                  | Together" {spect, Cun, Self} (You found it on level 1 of
                  | the Dungeon)
 20830 | Orc:2    | Identified the cursed +3 quarterstaff "Circumscribed
                  | Together" {spect, Cun, Self} (You found it on level 1 of
                  | the Dungeon)
 20832 | Orc:2    | Identified the cursed +3 quarterstaff "Circumscribed
                  | Together" {spect, Cun, Self} (You found it on level 1 of
                  | the Dungeon)
 20848 | Orc:2    | Found Wawker's Assorted Antiques.
 20848 | Orc:2    | Found Suyr's Antique Armour Shop.
 20848 | Orc:2    | Found Kuogivism's Book Shop.
 20850 | Orc:2    | Identified the cursed +3 quarterstaff "Circumscribed
                  | Together" {spect, Cun, Self} (You found it on level 1 of
                  | the Dungeon)
 20888 | Orc:2    | Found Hurropno's Magic Scroll Boutique.
 20892 | Orc:2    | Bought a scroll of silence for 133 gold pieces
 20894 | Orc:2    | Bought a pair of runed boots for 262 gold pieces
 20984 | Orc:2    | Identified the cursed +3 quarterstaff "Circumscribed
                  | Together" {spect, Cun, Self} (You found it on level 1 of
                  | the Dungeon)
 21110 | Orc:2    | Identified the cursed +3 quarterstaff "Circumscribed
                  | Together" {spect, Cun, Self} (You found it on level 1 of
                  | the Dungeon)
 21115 | Orc:2    | Identified the cursed +3 quarterstaff "Circumscribed
                  | Together" {spect, Cun, Self} (You found it on level 1 of
                  | the Dungeon)
 21119 | Orc:2    | Reached skill level 5 in Stealth
 21179 | Orc:2    | Found a staircase to the Elven Halls.
 21190 | Orc:2    | Identified the cursed +3 quarterstaff "Circumscribed
                  | Together" {spect, Cun, Self} (You found it on level 1 of
                  | the Dungeon)
 21193 | Orc:2    | Identified the cursed +3 quarterstaff "Circumscribed
                  | Together" {spect, Cun, Self} (You found it on level 1 of
                  | the Dungeon)
 21213 | Orc:2    | Identified the cursed +3 quarterstaff "Circumscribed
                  | Together" {spect, Cun, Self} (You found it on level 1 of
                  | the Dungeon)
 21477 | Orc:2    | Identified the cursed +3 quarterstaff "Circumscribed
                  | Together" {spect, Cun, Self} (You found it on level 1 of
                  | the Dungeon)
 21481 | Orc:2    | Identified the cursed +3 quarterstaff "Circumscribed
                  | Together" {spect, Cun, Self} (You found it on level 1 of
                  | the Dungeon)
 21483 | Orc:2    | Identified the cursed +3 quarterstaff "Circumscribed
                  | Together" {spect, Cun, Self} (You found it on level 1 of
                  | the Dungeon)
 21685 | Orc:1    | Noticed Sonja
 21685 | Orc:1    | Noticed Urug
 21733 | Orc:1    | Killed Urug
 21741 | Orc:1    | Identified the cursed +3 quarterstaff "Circumscribed
                  | Together" {spect, Cun, Self} (You found it on level 1 of
                  | the Dungeon)
 21741 | Orc:1    | Identified the cursed scarf of Ashenzari's Atheism {rC+
                  | rF+, Self, Cun} (You found it on level 4 of the Dungeon)
 21741 | Orc:1    | Identified the cursed +2 hat of Ashenzari's Disgust {SInv,
                  | Alch, Comp} (You took it off Gastronok on level 1 of the
                  | Orcish Mines)
 21741 | Orc:1    | Identified the cursed +1 steam dragon scales of Apeoromancy
                  | {Melee, Fort} (You found it on level 4 of the Dungeon)
 21741 | Orc:1    | Identified the cursed ring "Manifest Trepidation" {rC+,
                  | Comp, Cun} (You took it off a gnoll sergeant on level 11 of
                  | the Dungeon)
 21741 | Orc:1    | Identified the cursed amulet "Paranoia of Ashenzari"
                  | {Spirit, Self, Comp} (You took it off a human on level 9 of
                  | the Dungeon)
 21769 | Orc:1    | Killed Sonja
 22428 | D:13     | Found a gate to the Vaults.
 22738 | D:13     | Noticed wpisznazwe's ghost (journeyman TrFi)
 22738 | D:13     | Noticed Ziyrch Jegei's ghost (journeyman TrBe)
 22738 | D:13     | Noticed Zeoj's ghost (novice FeDe)
 22738 | D:13     | Noticed Atugeby's ghost (journeyman DECj)
 22738 | D:13     | Noticed Acucowat's ghost (journeyman MiHu)
 22738 | D:13     | Noticed Zeoj's ghost (novice FeDe)
 22738 | D:13     | Noticed Atugeby's ghost (journeyman DECj)
 22753 | D:13     | HP: 1/115 [deep troll earth mage/blast of rock fragments
                  | (10)]
 22754 | D:14     | Succumbed to a wolf spider's poison

Illustrated notes

Levels and vault maps discovered:
D:1:      minmay_arrival_stair_chambers, layout_loops_cross,
          basic_ecumenical_altar, serial_bayou, serial_bayou_shore_b,
          serial_bayou_shore_b, serial_bayou_pond_c, serial_bayou_pond_d
D:2:      layout_basic, serial_shops, shop, solitary_fountain
D:3:      layout_loops_ring, chequers_serial_rivers_small_3, uniq_jessica,
          uniq_sigmund
D:4:      layout_basic, lemuel_tele_altar, serial_shops,
          nicolae_shop_window_shopping, minmay_goblin_outpost
D:5:      layout_basic, minmay_temple_entry_wispy, hangedman_decor_riveting,
          uniq_grinder
D:6:      layout_basic, kennysheep_path_1
D:7:      layout_layer_cave, enter_bailey_5, minmay_ruined_shrine
D:8:      layout_basic, mainiacjoe_overflow_catwalk,
          mainiacjoe_overflow_24_doors, minmay_bent, uniq_maurice, uniq_erica
D:9:      layout_long_grid, fedhas_ov_isle_minmay, chei_slow_surprise,
          mainiacjoe_overflow_alcove_1, hellmonk_lair_entry_icy,
          minmay_ruffians, uniq_grum, uniq_erolcha
D:10:     wander_river, layout_cross, mainiacjoe_overflow_brackets,
          serial_shops, shop, hangedman_abyss_or_decor_stabs
D:11:     layout_loops_ring, minmay_orc_entry_temple_small,
          kennysheep_generic_room_16
D:12:     layout_loops_ring, serial_shops, nicolae_shop_statue_plus,
          kennysheep_another_room, xom_confusion_cloud, uniq_snorg
D:13:     thingy_vault, layout_gridville, grunt_vaults_entry_fortified,
          gammafunk_ghost_door_vault, elyvilon_altar_3
D:14:     layout_gridville, serial_bayou_shore_a, grunt_ministairs_11,
          hangedman_glass_teeth, uniq_lodul, uniq_louise
Temple:   hellmonk_temple_of_storms
Lair:1:   layout_small_grid, wad_woods_03
Lair:2:   layout_hall_layers, nicolae_snake_entry_squirm
Lair:3:   layout_cave_pods, elwin_shoals_entry_rooms, gammafunk_ghost_split,
          beast_lair_carwin_7, uniq_nergalle, uniq_nessos
Lair:4:   layout_misc_corridors, dpeg_slime_entry_corner, lemuel_old_faithful
Lair:5:   minmay_lair_end_frog_pond, layout_loops_ring
Orc:1:    layout_diamond_mine, basic_altar, nicolae_orc_sculptors_studio,
          nicolae_orc_crystal_geode, uniq_gastronok, uniq_sonja, uniq_urug
Orc:2:    st_orc_mages, layout_caves

Skill      XL: |  1  2  3  4  5  6  7  8  9 10 11 12 13 14 15 |
---------------+----------------------------------------------+-----
Stealth        | 2 3 6 |  6.1
Summonings     | 5 6 7 9 11 13 16 19 20 | 20.1
Fighting       | 1 2 3 5 6 |  6.1
Armour         | 1 2 3 4 7 |  7.9
Staves         | 2 3 5 7 9 12 | 12.5
Dodging        | 3 9 15 16 | 16.2
Spellcasting   | 3 5 6 |  6.1
Translocations | 1 3 |  3.0

Action                     |  1- 3 |  4- 6 |  7- 9 | 10-12 | 13-15 || total
---------------------------+-------+-------+-------+-------+-------++-------
  Melee: Unarmed           |    19 |       |       |       |     9 ||    28
         Quarterstaff      |    48 |    83 |   135 |   408 |   589 ||  1263
   Cast: Summon Small Mamm |     4 |     2 |       |       |       ||     6
         Call Canine Famil |       |     1 |    11 |    35 |       ||    47
         Monstrous Menager |       |       |       |    12 |    64 ||    76
 Invoke: Curse Item        |       |       |     2 |     5 |     2 ||     9
         Shatter the Chain |       |       |       |       |     3 ||     3
Ability: Hop               |       |       |       |     4 |     4 ||     8
  Evoke: Wand              |       |       |     8 |     4 |    20 ||    32
         Piece from Xom's  |       |       |       |       |     2 ||     2
    Use: Potion            |     4 |     1 |     2 |     1 |    13 ||    21
         Scroll            |     2 |     5 |     9 |     8 |     2 ||    26
   Stab: Sleeping          |     4 |     1 |     4 |     5 |     8 ||    22
         Distracted        |       |       |     5 |    16 |    29 ||    50
         Invisible         |       |       |       |       |     5 ||     5
         Confused          |       |       |       |       |     1 ||     1
         Paralysed         |       |       |       |       |     1 ||     1
 Armour: Robe              |    10 |    10 |     2 |       |       ||    22
         Steam dragon scal |       |       |    25 |    82 |    74 ||   181
  Dodge: Dodged            |    32 |    48 |    84 |   209 |   297 ||   670

Table legend: (Time is in decaauts)
 A = Elapsed time spent in this place.
 B = Non-inter-level travel time spent in this place.
 C = Inter-level travel time spent in this place.
 D = Time resting spent in this place.
 E = Time spent auto-exploring this place.
 F = Levels seen in this place.
 G = Mean time per level.
                   A        B        C        D        E       F      G
               +--------+--------+--------+--------+--------+-----+--------+
         Total |  25122 |  23907 |   1215 |   1211 |  17911 |  22 | 1141.9 |
       Dungeon |  16325 |  15591 |    734 |   1030 |  11325 |  14 | 1166.1 |
        Temple |     98 |     55 |     43 |      0 |     28 |   1 |   98.0 |
          Lair |   6977 |   6705 |    272 |    181 |   5344 |   5 | 1395.4 |
  Orcish Mines |   1720 |   1555 |    165 |      0 |   1212 |   2 |  860.0 |
               +--------+--------+--------+--------+--------+-----+--------+

Top non-repeatable levels by time:
  Lair:3: 1869 daAuts
     D:8: 1797 daAuts
    D:11: 1788 daAuts
  Lair:1: 1705 daAuts
     D:7: 1540 daAuts
    D:13: 1489 daAuts
     D:9: 1486 daAuts
    D:12: 1408 daAuts
     D:5: 1378 daAuts
  Lair:2: 1246 daAuts
  Lair:5: 1167 daAuts
   Orc:2: 1116 daAuts
     D:3: 1053 daAuts
  Lair:4: 989 daAuts
     D:4: 961 daAuts
